Map: Newkirk Precinct TE (Void)

Players

Banse

  • Race: Protoss Protoss
  • League: Diamond
  • Spawn Location: 7:00

Musumeci - Winner!

  • Race: Zerg Zerg
  • League: Diamond
  • Spawn Location: 5:00

VOD

Have the link to the VOD?

Description

Time

  • Played on: Feb. 9, 2017, 3:11 p.m.
  • Length: 3:02
Show
View Real Time Build Order
Export as new Build Order

Banse Protoss 

Build Orders: Nexus First 

Get SALT Encoding   

  12  0:01  Probe (Chrono Boost)  
  13  0:11  Probe (Chrono Boost)  
  14  0:22  Pylon  
  14  0:26  Probe (Chrono Boost)  
  15  0:40  Probe (Chrono Boost)  
  16  0:58  Nexus  
  16  1:08  Gateway  
  17  1:11  Probe (Chrono Boost)  
  17  1:22  Probe (Chrono Boost)  
  18  1:32  Probe (Chrono Boost)  
  19  1:35  Assimilator  
  19  1:37  Assimilator  
  19  1:45  Pylon  
  19  1:49  Gateway  
  19  1:51  Probe (Chrono Boost)  
  20  1:55  Zealot  
  22  2:05  Cybernetics Core  
  22  2:13  Pylon  
  22  2:21  Pylon  
  22  2:29  Pylon  
  21  2:59  Pylon  
Show
View Real Time Build Order
Export as new Build Order

Musumeci Zerg - Winner!

Build Orders: Pool First 

Get SALT Encoding   

  12  0:01  Drone  
  14  0:14  Drone  
  14  0:16  Extractor  
  14  0:17  Drone  
  15  0:32  Spawning Pool  
  14  0:48  Drone, Extractor  
  15  0:50  Overlord  
  15  1:10  Hatchery  
  14  1:20  Zergling x2  
  14  1:21  Zergling x2  
  16  1:37  Zergling x2  
  17  1:50  Hatchery  
  17  1:51  Zergling x2  
  17  1:55  Zergling x2  
  17  1:59  Zergling x2  
  19  2:04  Zergling x2  
  20  2:19  Zergling x2  
  20  2:22  Queen, Zergling x2  
  24  2:41  Zergling x6  
Tags
 
Add a new tag
Caveats
  • Supply blocks, unpowered buildings, or Contaminate may cause inaccurate times.
  • Supply counts are checked every 10 seconds.